 Dungeon Crawl Stone Soup version 0.18-a0-1797-gc18daef (webtiles) character file.

1906 M4edhros the Fruitful (level 9, -9/47 HPs)
             Began as an Octopode Artificer on Apr 23, 2016.
             Was a Priest of Fedhas.
             Killed from afar by Joseph (24 damage)
             ... with a wand of lightning
             ... on level 8 of the Dungeon.
             The game lasted 00:08:52 (6677 turns).

M4edhros the Fruitful (Octopode Artificer)          Turns: 6677, Time: 00:08:56

Health: -9/47      AC:  8    Str: 10    XL:     9   Next: 16%
Magic:  23/24      EV: 11    Int: 14    God:    Fedhas [***...]
Gold:   415        SH: 12    Dex: 14    Spells: 0 memorised, 8 levels left

rFire  + . .     SeeInvis .     y - +0 flail (protect)
rCold  x . .     Gourm    .     v - +0 shield
rNeg   + + .     Faith    .     (helmet restricted)
rPois  .         Spirit   .     E - amulet of dismissal
rElec  .         Dismiss  +     i - ring of fire
rCorr  .         Reflect  .     o - ring of positive energy
SustAt .         Harm     .     B - ring of magical power
MR     .....     Rnd*Rage +     x - ring of positive energy
Stlth  +++++.....               (no ring)
                                (no ring)
                                (no ring)
                                (no ring)

@: not resistant to hostile enchantments, quite stealthy
A: almost no armour, amphibious, 8 rings, constrict 8, large bone plates 1,
camouflage 1, berserk 1, clumsy 1, deterioration 1, frail 1, gelatinous body 1
a: Evolution, Sunlight, Growth, Renounce Religion


You were on level 8 of the Dungeon.
You worshipped Fedhas.
Fedhas was most pleased with you.
You were hungry.

You visited 1 branch of the dungeon, and saw 8 of its levels.

You collected 415 gold pieces.

Inventory:

Hand Weapons
 y - a +0 flail of protection (weapon)
Missiles
 g - 224 stones (quivered)
 r - 49 sling bullets
Armour
 v - a +0 shield (worn)
Jewellery
 i - a ring of fire (left tentacle)
 o - a ring of positive energy (right tentacle)
 x - a ring of positive energy (on tentacle)
 B - a ring of magical power (on tentacle)
 E - an amulet of dismissal (around mantle)
Wands
 a - a wand of paralysis (16/24)
 b - a wand of flame (10/48)
 c - a wand of enslavement (15/24)
 d - a wand of random effects (4/48)
 p - a wand of acid (6/15)
 t - a wand of disintegration (3/24)
 u - a wand of random effects (27/48)
Scrolls
 e - 4 scrolls of teleportation {unknown}
 h - 7 scrolls of remove curse {unknown}
 j - 5 scrolls of identify {unknown}
 k - 2 scrolls of random uselessness {unknown}
 l - 3 scrolls of amnesia {unknown}
 w - a scroll of magic mapping {unknown}
 A - 2 scrolls of fear {unknown}
Potions
 q - 2 potions of resistance
 s - 2 potions of ambrosia
 D - 2 potions of might
Comestibles
 f - 6 bread rations
 m - a royal jelly
 n - 4 fruits
 z - a meat ration


   Skills:
 - Level 1.0 Fighting
   Level 1.0 Short Blades
 - Level 2.0 Dodging
 - Level 6.3 Stealth
 + Level 7.4 Shields
 + Level 8.3 Invocations
 - Level 3.2 Evocations


You had 8 spell levels left.
You didn't know any spells.

Dungeon Overview and Level Annotations

Branches:
Dungeon (8/15)
 Temple: D:4-7         Lair: D:8-11

Altars:
Cheibriados
Elyvilon
Fedhas
Makhleb
Nemelex Xobeh

Shops:
D:4 *

Annotations:
D:6 1 runed door
D:8 Joseph


Innate Abilities, Weirdness & Mutations

You cannot wear most types of armour.
You are amphibious.
You can wear up to eight rings at the same time.
You can use your tentacles to constrict eight enemies at once.
Your skin changes colour to match your surroundings (Stealth).
Your rubbery body absorbs attacks (AC +1).
You are partially covered in large bone plates (AC +2, SH +2).
You tend to lose your temper in combat.
You are clumsy. (Dex -2)
Your body sometimes deteriorates upon taking damage.
You are frail (-10% HP).


Message History

Evoke which item? (* to show all) (? for menu, Esc to quit)
Zapping:
d - a wand of random effects (6/48)
Press: ? - help, Shift-Dir - straight line, f/p - Joseph
Aim: Joseph, wielding an enchanted hunting sling and wearing a leather armour (severely wounded)
You hear a mighty clap of thunder!
The bolt of lightning misses Joseph.
This wand has 5 charges left.
Joseph shoots a sling bullet.
You block the sling bullet.
Evoke which item? (* to show all) (? for menu, Esc to quit)
Zapping:
d - a wand of random effects (5/48)
Press: ? - help, Shift-Dir - straight line, f/p - Joseph
Aim: Joseph, wielding an enchanted hunting sling and wearing a leather armour (severely wounded) Joseph resists with some effort.
This wand has 4 charges left.
Joseph shoots a sling bullet.
The sling bullet hits you!
Joseph zaps a wand.
The bolt of lightning hits your wandering mushroom. x2
Your wandering mushroom is destroyed!
You feel a little guilty. The bolt of lightning hits you!
Ouch! That really hurt!
You die...
Fedhas appreciates your contribution to the ecosystem.

#........... #...........
#........... ..........[
........). #########
......... #.......#
#........
#.......###########.#.....
#.............@.f.....>....
#.......####..f(().@.......
#......>.###.#######.......
#..............## .......
#..........#.#..# #......
#............##.#### ......
#..........###.....##......
#..........##..........##.
#..........#...........


You could see Joseph and 2 friendly wandering mushrooms.

Vanquished Creatures
  Eustachio (D:5)
  Edmund (D:6)
  A phantom (D:6)
  A centaur (D:5)
  A giant frog (D:7)
  2 scorpions (D:4)
  A killer bee (D:6)
  A crimson imp (D:7)
  2 hounds
  A centaur skeleton (D:5)
  Jessica (D:3)
  An iguana (D:7)
  2 orc wizards
  4 worker ants
  A howler monkey skeleton (D:4)
  7 adders
  A shadow imp (D:7)
  An ooze (D:1)
  4 worms
  3 dart slugs
  6 giant geckos
  11 orcs
  10 giant cockroaches
  13 goblins
  11 hobgoblins
  14 jackals
  3 quokkas
  A ball python (D:3)
  7 bats
  2 giant gecko skeletons
  2 giant newts
  5 kobolds
  2 quokka skeletons
  7 rats
131 creatures vanquished.

Vanquished Creatures (collateral kills)
  A hill giant (D:8)
  A wyvern (D:8)
  A sky beast (D:5)
  An ogre (D:5)
  A phantom (D:6)
  2 scorpions
  A howler monkey (D:8)
  The ghost of M4edhros the Grave Robber, a weakling OpNe (D:4)
  A crimson imp (D:8)
  A giant frog skeleton (D:5)
  A worker ant (D:6)
  An adder (D:4)
  3 giant cockroaches (D:6)
  2 jackals (D:8)
  4 butterflies (D:6)
22 creatures vanquished.

Vanquished Creatures (others)
  2 wandering mushrooms (D:8)
  A giant newt (D:2)
  105 toadstools
108 creatures vanquished.

Grand Total: 261 creatures vanquished

Notes
Turn   | Place    | Note
--------------------------------------------------------------
     0 | D:1      | M4edhros the Octopode Artificer began the quest for the Orb.
     0 | D:1      | Reached XP level 1. HP: 13/13 MP: 3/3
   125 | D:1      | Reached XP level 2. HP: 18/18 MP: 4/4
   493 | D:1      | Reached XP level 3. HP: 23/23 MP: 5/5
  1059 | D:2      | Found a blossoming altar of Fedhas.
  1077 | D:2      | Became a worshipper of Fedhas Madash
  1318 | D:2      | Reached skill level 5 in Stealth
  1673 | D:2      | Reached XP level 4. HP: 22/28 MP: 6/6
  1923 | D:2      | Reached * piety under Fedhas
  1935 | D:2      | Gained mutation: You are partially covered in large bone plates (AC +2, SH +2). [potion of mutation]
  1935 | D:2      | Gained mutation: You are clumsy. (Dex -2) [potion of mutation]
  1935 | D:2      | Gained mutation: Your body sometimes deteriorates upon taking damage. [potion of mutation]
  2003 | D:2      | Found a white marble altar of Elyvilon.
  3002 | D:3      | Noticed Jessica
  3011 | D:3      | Killed Jessica
  3011 | D:3      | Reached skill level 1 in Invocations
  3011 | D:3      | Reached XP level 5. HP: 19/33 MP: 7/7
  3107 | D:3      | Reached skill level 2 in Invocations
  3311 | D:3      | Reached ** piety under Fedhas
  3331 | D:4      | Reached skill level 1 in Shields
  3424 | D:4      | Noticed M4edhros's ghost (weakling OpNe)
  3432 | D:4      | Killed M4edhros's ghost
  3602 | D:4      | Reached skill level 3 in Invocations
  3602 | D:4      | Reached XP level 6. HP: 32/38 MP: 8/8
  3749 | D:4      | You fall through a shaft for 3 floors!
  3805 | D:7      | Reached skill level 4 in Invocations
  3805 | D:7      | Reached XP level 7. HP: 23/43 MP: 7/10
  4142 | D:6      | Noticed Edmund
  4143 | D:6      | Found a snail-covered altar of Cheibriados.
  4158 | D:6      | Killed Edmund
  4250 | D:6      | Reached skill level 5 in Invocations
  4685 | D:6      | Found a runed door.
  4765 | D:6      | Reached skill level 5 in Shields
  4765 | D:6      | Reached XP level 8. HP: 48/48 MP: 12/12
  4834 | D:6      | Found a runed door.
  4857 | D:6      | Reached skill level 6 in Invocations
  4860 | D:6      | Reached *** piety under Fedhas
  5124 | D:5      | Entered Level 5 of the Dungeon
  5185 | D:5      | Found a sparkling altar of Nemelex Xobeh.
  5336 | D:5      | Gained mutation: You are frail (-10% HP). [mutagenic meat]
  5337 | D:5      | Gained mutation: You tend to lose your temper in combat. [mutagenic meat]
  5361 | D:5      | Noticed Eustachio
  5377 | D:5      | Killed Eustachio
  5408 | D:5      | Found a burning altar of Makhleb.
  6047 | D:5      | Reached skill level 7 in Invocations
  6404 | D:4      | Found Xerphuops's General Store.
  6598 | D:8      | Noticed a wyvern
  6604 | D:8      | Killed a wyvern
  6651 | D:8      | Noticed a hill giant
  6667 | D:8      | Noticed Joseph
  6669 | D:8      | Killed a hill giant
  6669 | D:8      | Reached skill level 8 in Invocations
  6669 | D:8      | Reached XP level 9. HP: 24/47 MP: 15/15
  6677 | D:8      | Killed from afar by Joseph

Vault maps used:
D:1:      evilmike_arrival_hilbert_curve
D:2:      elyvilon_altar_4, fedhas_altar_1, guppyfry_early_orc_mine
D:3:      first_bread, grunt_ministairs_8, uniq_jessica
D:4:      serial_shops, shop
D:5:      basic_altar, makhleb_blood_cavern_becter, uniq_eustachio
D:6:      lemuel_insect_pit, cheibriados_altar_1, kennysheep_generic_room_13,
          uniq_edmund
D:7:      nicolae_gozag_cash_rules_everything_around_me,
          minmay_temple_entry_statues_pillars
D:8:      vehumet_altar_wand_db, nicolae_tso_besieged_by_evil,
          nicolae_ossuary_entry_giza, uniq_joseph

Skill      XL: |  1  2  3  4  5  6  7  8 |
---------------+-------------------------+-----
Stealth        | 2 4 5 6 |  6.3
Invocations    | 1 3 4 5 8 |  8.3
Shields        | 2 3 5 7 |  7.4
Fighting       | |  1.0
Short Blades   | |  1.0
Dodging        | |  2.0
Evocations     | |  3.2

Action                   |  1- 3 |  4- 6 |  7- 9 || total
-------------------------+-------+-------+-------++-------
Melee: Short sword       |    84 |    56 |       ||   140
       Constrict         |    26 |    33 |    36 ||    95
       Tentacles         |     9 |    26 |    29 ||    64
       Mace              |       |    79 |    25 ||   104
       Flail             |       |       |   165 ||   165
Invok: Evolution         |       |     2 |     2 ||     4
       Sunlight          |       |       |     1 ||     1
Evoke: Wand              |       |       |    16 ||    16
  Use: Potion            |     5 |     4 |     5 ||    14
 Stab: Sleeping          |    11 |    17 |    15 ||    43
       Distracted        |       |     1 |       ||     1
  Eat: Bread ration      |     1 |       |       ||     1
       Meat ration       |       |     1 |     1 ||     2
       Royal jelly       |       |       |     2 ||     2
       Chunk             |       |       |     2 ||     2
Armor: Skin              |    11 |    20 |    50 ||    81
Dodge: Dodged            |    45 |    66 |    62 ||   173
Block: Other             |       |     2 |       ||     2
       Shield            |       |    25 |   110 ||   135
